 Dungeon Crawl Stone Soup version 0.30-a0-696-g2367cd04db (webtiles) character file.

Game seed: 11675610578799627316

190 QueenGhuleh the Trooper (level 5, -1/70 HPs)
             Began as a Minotaur Berserker on Jan 20, 2023.
             Was a Priest of Trog.
             Slain by a gnoll
             ... wielding a +0 halberd
              (4 damage)
             ... on level 4 of the Dungeon.
             The game lasted 00:04:59 (3364 turns).

QueenGhuleh the Trooper (Minotaur Berserker)        Turns: 3364, Time: 00:04:59

Health: -1/70      AC:  8    Str: 23    XL:     5   Next: 41%
Magic:  1/4        EV: 11    Int:  4    God:    Trog [***...]
Gold:   95         SH:  0    Dex: 10    Spells: 4/4 levels left

rFire   . . .      SeeInvis .    s - +0 halberd
rCold   . . .      Faith    .    (shield currently unavailable)
rNeg    . . .      Spirit   .    e - +0 ring mail
rPois   .          Reflect  .    (helmet restricted)
rElec   .          Harm     .    (no cloak)
rCorr   .          Rampage  .    f - +1 pair of gloves {infuse}
Will    .....                    (no boots) Stlth
                                 (no amulet)
HPRegen 0.31/turn                (no ring)
MPRegen 0.09/turn                (no ring)

@: berserking, very quick
A: horns 2, retaliatory headbutt
a: Renounce Religion, Berserk, Trog's Hand


You were on level 4 of the Dungeon.
You worshipped Trog.
Trog was most pleased with you.
You visited 1 branch of the dungeon, and saw 4 of its levels.

You collected 95 gold pieces.

Inventory:

Hand Weapons
 c - a +1 trident of protection
 s - a +0 halberd (weapon)
Missiles
 o - 2 throwing nets (quivered)
Armour
 e - a +0 ring mail (worn)
 f - a +1 pair of gloves of infusion (worn)
Jewellery
 t - an amulet of regeneration
Wands
 p - a wand of roots (6)
Scrolls
 g - 2 scrolls of enchant weapon {unknown}
 m - a scroll of teleportation {unknown}
 n - a scroll of amnesia {unknown}
 q - a scroll of poison {unknown}
 u - a scroll of identify {unknown}
Potions
 a - a potion of resistance {unknown}
 b - 2 potions of mutation {unknown}
 d - a potion of magic {unknown}
 h - 3 potions of curing {unknown}
 i - a potion of ambrosia {unknown}
 j - 2 potions of attraction {unknown}
 k - a potion of invisibility {unknown}
 l - 2 potions of heal wounds {unknown}
 r - a potion of brilliance {unknown}


   Skills:
 + Level 4.4 Fighting
 + Level 4.2(4.9) Axes
 + Level 3.6(4.6) Polearms
 + Level 4.1 Armour
 + Level 2.7 Dodging


You had 4 spell levels left.
You didn't know any spells.
Your spell library was empty.

Dungeon Overview and Level Annotations

Branches:
Dungeon (4/15)
 Temple: D:4-7

Altars:
Cheibriados
Elyvilon
Makhleb


Innate Abilities, Weirdness & Mutations

You have a pair of horns on your head.
You reflexively headbutt those who attack you in melee.


Message History

The gnoll is lightly wounded.
The gnoll hits you from afar with a +0 halberd!
You reach to attack!
You barely miss the gnoll.
The gnoll is lightly wounded.
The gnoll hits you from afar with a +0 halberd.
You completely miss the gnoll. You headbutt the gnoll.
The gnoll is lightly wounded.
The gnoll barely misses you.
The gnoll hits you from afar with a +0 halberd. x2
The gnoll completely misses you. The gnoll misses you. You furiously retaliate!
You headbutt the gnoll! You impale the gnoll!!
You kill the gnoll!
Trog accepts your kill. The gnoll closely misses you. The gnoll misses you.
Your Armour skill increases to level 4!
You closely miss the gnoll. The gnoll completely misses you.
The gnoll hits you with a +0 flail.
You are too injured to fight recklessly!
You are too injured to fight recklessly!
Unknown command.
A red film seems to cover your vision as you go berserk!
You feel yourself moving faster!
You feel mighty! The gnoll closely misses you.
The gnoll hits you with a +0 flail.
You barely miss the gnoll.
The gnoll hits you from afar with a +0 halberd.
* * * LOW HITPOINT WARNING * * *
The gnoll hits you with a +0 flail!
* * * LOW HITPOINT WARNING * * *
You barely miss the gnoll. You headbutt the gnoll!
The gnoll is almost dead.
The gnoll hits you from afar with a +0 halberd.
* * * LOW HITPOINT WARNING * * *
The gnoll hits you with a +0 flail.
* * * LOW HITPOINT WARNING * * *
You slash the gnoll!
You kill the gnoll!
Trog accepts your kill.
The gnoll hits you from afar with a +0 halberd.
You die...

##.####.#####...#.#.
######.......#.....#
# #.....†.#....#....
#
#....#.#.#...#.....#.
+
...............#.#..$
#
#....#.##.#.#.......#
#
##.....##.....#...#..
#...#####.#....#....
##.. #..?.@#...#.. #.
#.#.#))g....# #
...[....#.#...
##.#...#.....#.
#...#....#....
#.#...#.... #.
#.......#.#. . ##
#.#.......


You could see a gnoll.

Vanquished Creatures
  A hound (D:4)
  Terence (D:2)
  Robin (D:3)
  2 gnolls (D:4)
  3 worms (D:2)
  A dart slug (D:3)
  4 orcs (D:3)
  11 endoplasms
  A giant cockroach (D:2)
  20 goblins
  11 hobgoblins
  3 jackals (D:3)
  7 kobolds
  4 quokkas
  7 ball pythons
  6 bats
  6 frilled lizards
  5 rats
94 creatures vanquished.

Notes
Turn   | Place    | Note
-------+----------+-------------------------------------------
     0 | D:1      | QueenGhuleh the Minotaur Berserker began the quest for the
                  | Orb.
     0 | D:1      | Reached XP level 1. HP: 19/19 MP: 0/0
    94 | D:1      | Reached XP level 2. HP: 27/27 MP: 1/1
   322 | D:1      | Reached ** piety under Trog
   509 | D:1      | Reached XP level 3. HP: 33/33 MP: 2/2
   906 | D:2      | Reached skill level 1 in Polearms
  1034 | D:2      | Noticed Terence
  1041 | D:2      | Killed Terence
  1053 | D:2      | Reached XP level 4. HP: 33/40 MP: 1/3
  1677 | D:2      | Found a faded altar of an unknown god.
  2420 | D:3      | Reached *** piety under Trog
  2479 | D:3      | Noticed Robin
  2491 | D:3      | Killed Robin
  2492 | D:3      | Reached XP level 5. HP: 27/47 MP: 0/4
  2901 | D:3      | Found a white marble altar of Elyvilon.
  2903 | D:3      | Found a burning altar of Makhleb.
  2905 | D:3      | Found a snail-covered altar of Cheibriados.
  3363 | D:4      | HP: 2/70 [gnoll/+0 flail (6)]
  3364 | D:4      | Slain by a gnoll

Illustrated notes

Levels and vault maps discovered:
D:1:      shiori_arrival_maze, layout_loops_ring
D:2:      layout_loops_ring, dreamdust_ecumenical_altar_hidden_monk_grotto,
          minmay_cut_off, uniq_terence
D:3:      kennysheep_goblin_castle, layout_loops_corners, minitemple,
          kennysheep_generic_room_7
D:4:      layout_loops_corners, lightli_ossuary_entry_decrepit_ruins,
          serial_shops, kennysheep_mini_moat, nicolae_kite_square_tiling_tiny

Skill      XL: |  1  2  3  4  5 |
---------------+----------------+-----
Axes           | 4 |  4.2
Fighting       | 4 |  4.4
Armour         | 3 4 |  4.1
Polearms       | 2 3 |  3.6
Dodging        | |  2.7

Action                   |  1- 3 |  4- 6 || total
-------------------------+-------+-------++-------
Melee: Trident           |    87 |    77 ||   164
       Hand axe          |     2 |       ||     2
       Headbutt          |     6 |    11 ||    17
       Punch             |       |     1 ||     1
       Halberd           |       |    23 ||    23
Invok: Berserk           |     1 |     1 ||     2
Armor: Animal skin       |     4 |       ||     4
       Ring mail         |    13 |    46 ||    59
Dodge: Dodged            |    38 |    62 ||   100

Table legend: (Time is in decaauts)
 A = Elapsed time spent in this place.
 B = Non-inter-level travel time spent in this place.
 C = Inter-level travel time spent in this place.
 D = Time resting spent in this place.
 E = Time spent auto-exploring this place.
 F = Levels seen in this place.
 G = Mean time per level.
                   A        B        C        D        E       F      G
               +--------+--------+--------+--------+--------+-----+--------+
         Total |   3401 |   3242 |    159 |      0 |   2748 |   4 |  850.2 |
       Dungeon |   3401 |   3242 |    159 |      0 |   2748 |   4 |  850.2 |
               +--------+--------+--------+--------+--------+-----+--------+

Top non-repeatable levels by time:
     D:3: 1319 daAuts
     D:2: 1133 daAuts
     D:1: 828 daAuts
     D:4: 119 daAuts
